 Dungeon Crawl Stone Soup version 0.26.1-2-gb8aa6d0cf2 (webtiles) character file.

Game seed: 6162718417757923380

6643 RaHiT the Sneak (level 11, 0/72 HPs)
             Began as an Octopode Delver on Mar 23, 2021.
             Was a Priest of Cheibriados.
             Slain by a komodo dragon (24 damage)
             ... on level 10 of the Dungeon.
             The game lasted 00:59:25 (9035 turns).

RaHiT the Sneak (Octopode Delver)                   Turns: 9035, Time: 00:59:25

Health: 0/72       AC: 14    Str: 20      XL:     11   Next: 2%
Magic:  5/18       EV: 18    Int: 28 (29) God:    Cheibriados [***...]
Gold:   463        SH:  0    Dex: 22      Spells: 13/20 levels left

rFire    . . .     SeeInvis +     - Unarmed
rCold    . . .     Faith    .   (no shield)
rNeg     + . .     Spirit   .   h - +2 hat {SInv}
rPois    +         Reflect  .   q - amulet of magic regeneration
rElec    .         Harm     .   i - +4 ring of protection
rCorr    .         Rampage  .   p - +4 ring of protection
Will     .....                  x - ring of poison resistance
Stlth    +++++.....             y - +6 ring of intelligence
HPRegen  0.22/turn              R - +4 ring of slaying
MPRegen  0.41/turn              S - ring of positive energy
                                (no ring)
                                (no ring)

@: very slow
A: almost no armour, stealthy swim, amphibious, 8 rings, constrict 8, icy blue
scales 1, camouflage 1, deterioration 1, shaggy fur 1, gelatinous body 1,
MP-powered wands
a: Renounce Religion, Bend Time, Temporal Distortion


You were on level 10 of the Dungeon.
You worshipped Cheibriados.
Cheibriados was most pleased with you.
You visited 1 branch of the dungeon, and saw 10 of its levels.

You collected 741 gold pieces.
You spent 278 gold pieces at shops.

Inventory:

Hand Weapons
 r - a +3 short sword
 z - a +3 hand axe of electrocution
 B - a +0 dagger of speed
 N - a +3 scimitar of flaming
Missiles
 j - 2 javelins
 n - 213 stones
 o - 62 bolts
 s - 206 arrows
 u - 141 sling bullets
 w - 20 poisoned darts (quivered)
Armour
 h - a +2 hat of see invisible (worn)
 M - a +2 hat
Jewellery
 i - a +4 ring of protection (left tentacle)
 p - a +4 ring of protection (right tentacle)
 q - an amulet of magic regeneration (around mantle)
 x - a ring of poison resistance (on tentacle)
 y - a +6 ring of intelligence (on tentacle)
 R - a +4 ring of slaying (on tentacle)
 S - a ring of positive energy (on tentacle)
Wands
 e - a wand of digging (2)
 K - a wand of polymorph (6)
 P - a wand of flame (23)
Scrolls
 a - 2 scrolls of fog
 b - 3 scrolls of magic mapping
 c - 3 scrolls of fear
 g - 2 scrolls of amnesia
 k - 7 scrolls of enchant armour
 l - 3 scrolls of enchant weapon
 m - 3 scrolls of identify
 t - a scroll of noise
 A - a scroll of teleportation
 C - a scroll of immolation
 D - 5 scrolls of remove curse
 E - a scroll of summoning
 H - a scroll of blinking
Potions
 d - a potion of haste
 f - 4 potions of lignification
 v - 2 potions of brilliance
 F - a potion of curing
 G - a potion of cancellation
 I - a potion of attraction
 J - a potion of heal wounds
 L - a potion of magic
 O - a potion of flight
 Q - a potion of mutation


   Skills:
 - Level 6.0 Fighting
 * Level 5.9 Throwing
 - Level 6.0 Dodging
 - Level 7.0 Stealth
 - Level 6.0 Unarmed Combat
 - Level 5.0 Spellcasting
 - Level 2.0 Hexes
 + Level 5.0 Transmutations
 + Level 5.0 Earth Magic
 + Level 6.8 Invocations
 - Level 3.0 Evocations


You had 13 spell levels left.
You knew the following spells:

 Your Spells              Type           Power        Failure   Level
a - Confusing Touch       Hex            18%          9%          3
b - Petrify               Tmut/Erth      35%          9%          4

Your spell library contained the following spells:

 Spells                   Type           Power        Failure   Level
 Gell's Gravitas          Tloc           3%           21%         3
 Yara's Violent Unravell  Hex/Tmut       13%          41%         5
 Metabolic Englaciation   Hex/Ice        6%           77%         5


Dungeon Overview and Level Annotations

Branches:
Dungeon (10/15)            Temple (0/1) D:6            Lair (0/6) D:10
    Orc: D:9-12

Altars:
Cheibriados
Elyvilon
Hepliaklqana
Qazlal
Trog
Uskayaw
Zin

Shops:
D:8 !!(

Annotations:
D:6 exclusion: downstairs


Innate Abilities, Weirdness & Mutations

You cannot wear most types of armour.
You are very stealthy in the water. (Stealth+)
You are amphibious.
You can wear up to eight rings at the same time.
You can use your tentacles to constrict eight enemies at once.
Your skin changes colour to match your surroundings (Stealth+).
Your rubbery body absorbs attacks. (AC +1, EV +1)
You are partially covered in icy blue scales. (AC +2)
Your body sometimes deteriorates upon taking damage.
You are covered in fur. (AC +1)
You expend magic power (3 MP) to strengthen your wands.


Message History

Aim: a komodo dragon (chance to affect: 47%)
The komodo dragon resists with some effort.
Casting: Petrify (dangerous; 8% risk of failure)
Confirm with . or Enter, or press ? or * to list all spells.
Aiming: Petrify (dangerous; 8% risk of failure)
Press: ? - help, Shift-Dir - straight line, f/p - komodo dragon
Aim: a komodo dragon (chance to affect: 47%)
The komodo dragon resists with some effort.
The komodo dragon bites you!!
Casting: Petrify (dangerous; 8% risk of failure)
Confirm with . or Enter, or press ? or * to list all spells.
Your tentacles begin to glow red.
The komodo dragon bites you!
Your body deteriorates!
You feel dopey.
You completely miss the komodo dragon. Your squeeze misses the komodo dragon.
The komodo dragon bites you.
You tentacle-slap the komodo dragon but do no damage.
The komodo dragon appears confused.
The komodo dragon closely misses you.
You tentacle-slap the komodo dragon but do no damage.
The komodo dragon bites you!!
You die...

### ### ##.# ####
######.##### ##..#
#?..##..##..##..# ## ##...#
#..##....#...####.. #....#
##......#......#.# #....#
#.#..............## #....#
#@..#............. #....#
#=.l##.#...##.###.... #....#
#.#. ###.#..###..#.## #....#
# .. #.>### #.##..#
#....########################
#...!........................
#>.................###.......
#..................# #.......
#..................###.......


You could see a komodo dragon (confused).

Vanquished Creatures
  Gastronok (D:8)
  Erica (D:9)
  Joseph (D:8)
  Maggie (D:8)
  A komodo dragon (D:10)
  Prince Ribbit (D:9)
  2 wyverns (D:10)
  2 orc warriors
  A swamp drake (D:10)
  A phantom (D:7)
  A black bear (D:7)
  An ice beast (D:4)
  4 ogres
  2 centaurs
  4 bullfrogs
  A gnoll sergeant (D:10)
  A water moccasin zombie (D:6)
  4 scorpions
  3 killer bees (D:7)
  6 hounds
  A centaur zombie (D:5)
  2 jellies
  8 orc wizards
  Crazy Yiuf (D:7)
  A centaur skeleton (D:8)
  4 orc priests
  Jessica (D:2)
  3 iguanas
  8 worker ants
  A hound zombie (D:9)
  3 hound skeletons
  5 gnolls (D:10)
  11 adders
  A white imp (D:5)
  2 ufetubi (D:7)
  2 oozes
  An adder zombie (D:6)
  3 worms
  4 dart slugs
  6 leopard geckos
  35 orcs
  8 bats
  8 giant cockroaches
  11 goblins
  4 hobgoblins
  8 jackals
  2 quokkas
  2 frilled lizards
  4 kobolds
  6 rats
195 creatures vanquished.

Vanquished Creatures (others)
  A plant (D:4)
1 creature vanquished.

Grand Total: 196 creatures vanquished

Notes
Turn   | Place    | Note
-------+----------+-------------------------------------------
     0 | D:5      | RaHiT the Octopode Delver began the quest for the Orb.
     0 | D:5      | Reached XP level 1. HP: 16/16 MP: 1/1
    37 | D:4      | Noticed an ogre
   130 | D:3      | Reached XP level 2. HP: 13/21 MP: 2/2
   239 | D:3      | Reached skill level 7 in Stealth
   298 | D:2      | Reached XP level 3. HP: 14/26 MP: 4/4
   553 | D:2      | Reached skill level 1 in Evocations
   590 | D:2      | Found a hazy altar of Hepliaklqana.
   607 | D:2      | Noticed Jessica
   714 | D:1      | Reached skill level 1 in Spellcasting
  1000 | D:1      | Reached XP level 4. HP: 23/31 MP: 5/5
  1145 | D:1      | HP: 1/31 [poisoned by an adder]
  1151 | D:1      | HP: 1/31 [poisoned by an adder]
  2220 | D:2      | Killed Jessica
  2221 | D:2      | Reached XP level 5. HP: 33/36 MP: 7/7
  2394 | D:3      | Reached skill level 1 in Throwing
  2778 | D:3      | Reached XP level 6. HP: 21/42 MP: 9/9
  3334 | D:4      | Noticed an ice beast
  3353 | D:4      | Killed an ice beast
  3354 | D:4      | Reached XP level 7. HP: 48/48 MP: 10/10
  3500 | D:4      | Found a snail-covered altar of Cheibriados.
  3506 | D:4      | Became a worshipper of Cheibriados the Contemplative
  3917 | D:5      | Reached XP level 8. HP: 48/54 MP: 12/12
  3983 | D:5      | Reached * piety under Cheibriados
  4020 | D:5      | Gained mutation: You are partially covered in icy blue
                  | scales. (AC +2) [potion of mutation]
  4020 | D:5      | Gained mutation: Your body sometimes deteriorates upon
                  | taking damage. [potion of mutation]
  4020 | D:5      | Gained mutation: You expend magic power (3 MP) to
                  | strengthen your wands. [potion of mutation]
  4020 | D:5      | Gained mutation: You are covered in fur. (AC +1) [potion of
                  | mutation]
  4149 | D:5      | Reached skill level 5 in Dodging
  4219 | D:5      | Reached skill level 1 in Invocations
  4406 | D:5      | Found a glowing silver altar of Zin.
  4575 | D:6      | Found a white marble altar of Elyvilon.
  4959 | D:6      | Found a staircase to the Ecumenical Temple.
  4975 | D:6      | Reached skill level 5 in Fighting
  4996 | D:6      | Learned a level 3 spell: Confusing Touch
  5001 | D:6      | Learned a level 4 spell: Petrify
  5577 | D:7      | Reached skill level 1 in Transmutations
  5577 | D:7      | Reached skill level 1 in Earth Magic
  5695 | D:7      | Found a glowing silver altar of Zin.
  5861 | D:7      | Found a hide-covered altar of Uskayaw.
  5932 | D:7      | Reached skill level 5 in Unarmed Combat
  5950 | D:7      | Reached XP level 9. HP: 61/61 MP: 13/13
  5974 | D:7      | Reached ** piety under Cheibriados
  6118 | D:8      | Noticed Joseph
  6122 | D:8      | Found Docaerch's Distillery.
  6129 | D:8      | Killed Joseph
  6130 | D:8      | Reached skill level 5 in Throwing
  6136 | D:8      | Bought a potion of lignification for 39 gold pieces
  6136 | D:8      | Bought a potion of heal wounds for 65 gold pieces
  6136 | D:8      | Bought 2 potions of lignification for 78 gold pieces
  6372 | D:8      | Found a stormy altar of Qazlal.
  6376 | D:8      | Noticed Maggie
  6389 | D:8      | Killed Maggie
  6390 | D:8      | Reached skill level 5 in Spellcasting
  6390 | D:8      | Reached skill level 1 in Hexes
  6427 | D:8      | Noticed Gastronok
  6460 | D:8      | Killed Gastronok
  6461 | D:8      | Reached XP level 10. HP: 51/68 MP: 17/17
  6815 | D:8      | Found Huhotey's Distillery.
  6833 | D:8      | Bought a potion of attraction for 36 gold pieces
  6833 | D:8      | Bought a potion of heal wounds for 60 gold pieces
  7023 | D:8      | Found Idwuxey's Antique Weapon Boutique.
  7180 | D:7      | Reached skill level 5 in Invocations
  7213 | D:7      | Found a runed translucent door.
  7214 | D:7      | Noticed Crazy Yiuf
  7221 | D:7      | Killed Crazy Yiuf
  7509 | D:9      | Noticed Prince Ribbit
  7534 | D:9      | Killed Prince Ribbit
  7691 | D:9      | Reached *** piety under Cheibriados
  7834 | D:9      | Noticed Erica
  7867 | D:9      | Killed Erica
  8463 | D:10     | Entered Level 10 of the Dungeon
  8736 | D:10     | Found a bloodstained altar of Trog.
  8984 | D:10     | Reached skill level 5 in Earth Magic
  8996 | D:10     | Reached XP level 11. HP: 59/72 MP: 18/18
  9001 | D:10     | Reached skill level 5 in Transmutations
  9018 | D:10     | Found a staircase to the Lair.
  9035 | D:10     | Slain by a komodo dragon

Illustrated notes

Levels and vault maps discovered:
D:1:      dpeg_arrival_erosion, layout_loops_ring, serial_forest,
          infiniplex_forest_zigzag_2, infiniplex_forest_clump_curved,
          infiniplex_forest_pool, infiniplex_forest_straight_3,
          infiniplex_forest_straight_1, infiniplex_forest_straight_2,
          infiniplex_forest_corner_1
D:2:      layout_loops_cross, lemuel_round_altar, uniq_jessica
D:3:      cheibrodos_pilgrimage, layout_basic
D:4:      layout_loops_ring, kennysheep_slug_shrine, grunt_decor_cap,
          serial_bayou_pond_d
D:5:      layout_rooms, basic_altar
D:6:      cheibrodos_quashed, layout_loops_corners, elyvilon_altar_1,
          minmay_temple_entry_offerings
D:7:      layout_gridville, zin_scriptorium, lemuel_coloured_pillars_altar,
          uniq_crazy_yiuf_cottage
D:8:      layout_cave_pods, nicolae_qazlal_style_of_elements, serial_shops,
          nicolae_shop_competitors_out_of_business,
          nicolae_shop_window_shopping, shop_fountains, st_stairs_4,
          uniq_joseph, uniq_gastronok, uniq_maggie
D:9:      layout_loops_corners, uniq_prince_ribbit1, uniq_erica
D:10:     layout_big_octagon, erik_lair_dragon, basic_altar

Skill      XL: |  1  2  3  4  5  6  7  8  9 10 11 |
---------------+----------------------------------+-----
Stealth        | 7 |  7.0
Evocations     | 1 2 3 |  3.0
Spellcasting   | 1 2 3 5 |  5.0
Throwing       | 2 3 4 5 |  5.9
Dodging        | 3 4 5 6 |  6.0
Unarmed Combat | 3 4 5 6 |  6.0
Fighting       | 4 5 6 |  6.0
Invocations    | 3 4 6 |  6.8
Transmutations | 2 4 5 |  5.0
Earth Magic    | 2 4 5 |  5.0
Hexes          | 2 |  2.0

Action                   |  1- 3 |  4- 6 |  7- 9 | 10-12 || total
-------------------------+-------+-------+-------+-------++-------
Melee: Unarmed           |    85 |   136 |   234 |   134 ||   589
       Constrict         |    28 |    29 |    42 |    25 ||   124
       Tentacles         |    18 |    21 |    47 |    43 ||   129
       Punch             |       |     5 |    10 |    10 ||    25
Throw: Dart              |    12 |    17 |    53 |    12 ||    94
       Javelin           |       |     2 |     2 |       ||     4
       Stone             |       |     1 |    67 |    29 ||    97
 Cast: Confusing Touch   |       |       |     1 |     3 ||     4
       Petrify           |       |       |       |     9 ||     9
Evoke: Wand              |       |       |     1 |       ||     1
  Use: Scroll            |       |     6 |    11 |     2 ||    19
       Potion            |       |     5 |     4 |     2 ||    11
 Stab: Sleeping          |     8 |    17 |    12 |     6 ||    43
       Confused          |       |       |     4 |       ||     4
       Petrified         |       |       |       |    15 ||    15
       Distracted        |       |       |       |     1 ||     1
Armor: Skin              |     2 |    21 |    49 |    39 ||   111
Dodge: Dodged            |    42 |    68 |   130 |    78 ||   318
